 Dungeon Crawl Stone Soup version 0.21-a0-528-gf531e82 (webtiles) character file.

16815 sequroo the Spear-Bearer (level 12, -11/81 HPs)
             Began as a Centaur Fighter on Dec 8, 2017.
             Was an Elder of Wu Jian.
             Killed from afar by Harold (24 damage)
             ... with a bolt of fire
             ... on level 2 of the Lair of Beasts.
             The game lasted 01:05:27 (14460 turns).

sequroo the Spear-Bearer (Centaur Fighter)         Turns: 14460, Time: 01:05:28

Health: -11/81     AC: 21    Str: 20    XL:     12   Next: 13%
Magic:  0/18       EV: 11    Int: 11    God:    Wu Jian [****..]
Gold:   863        SH:  8    Dex: 16    Spells: 11/11 levels left

rFire    . . .     SeeInvis .   y - +6 spear of Bloody Death {holy, +Rage}
rCold    + . .     Gourm    .   D - +2 buckler
rNeg     + . .     Faith    .   i - +5 ring mail {rN+}
rPois    .         Spirit   +   C - +1 helmet "Biant" {rCorr Int+4 Dex+3}
rElec    .         Reflect  .   F - +1 cloak
rCorr    +         Harm     .   P - +2 pair of gloves
MR       .....                  (no barding)
Stlth    ..........             A - amulet of guardian spirit
HPRegen  0.23/turn              o - +3 ring of evasion
MPRegen  0.16/turn              E - ring of protection from cold

@: very quick
A: large, hooves 3, slimy green scales 1, deformed body, speed 2, frail 1,
shaggy fur 1, tough skin 3
a: Serpent's Lash, Renounce Religion, Evoke Berserk Rage


You were on level 2 of the Lair of Beasts.
You worshipped Wu Jian.
Wu Jian was greatly pleased with you.
You were not hungry.

You visited 3 branches of the dungeon, and saw 14 of its levels.

You collected 1017 gold pieces.
You spent 154 gold pieces at shops.

Inventory:

Hand Weapons
 a - a +2 trident
 n - a +0 shortbow
 v - a +0 glaive
 y - the +6 spear of Bloody Death (weapon) {holy, +Rage}
   (You found it on level 6 of the Dungeon)

   It has been blessed by the Shining One to cause great damage to the undead
   and demons.
   It lets you go berserk.
Missiles
 l - 12 tomahawks (quivered)
 r - 284 arrows
Armour
 c - a +0 shield
 i - a +5 ring mail of positive energy (worn)
 t - a cursed +0 plate armour
 u - a +0 ring mail of fire resistance
 C - the +1 helmet "Biant" (worn) {rCorr Int+4 Dex+3}
   (You found it on level 1 of the Lair of Beasts)

   It affects your intelligence (+4).
   It affects your dexterity (+3).
   It protects you from acid and corrosion.
 D - a +2 buckler (worn)
 F - a +1 cloak (worn)
 P - a +2 pair of gloves (worn)
 T - a +0 troll leather armour
 Z - a +2 ring mail of cold resistance
Magical Staves
 H - an uncursed staff of death
Jewellery
 o - a +3 ring of evasion (left hand)
 A - an amulet of guardian spirit (around neck)
 E - a ring of protection from cold (right hand)
 Q - an uncursed ring of fire
Wands
 w - a wand of iceblast (15)
 B - a wand of flame (19)
 G - a wand of random effects (23)
 R - a wand of digging (15)
 U - a wand of paralysis (13)
 X - a wand of clouds (4)
Scrolls
 b - 4 scrolls of remove curse
 e - a scroll of acquirement {unknown}
 k - a scroll of fear
 m - 4 scrolls of identify
 s - a scroll of amnesia
 N - 2 scrolls of teleportation
 O - a scroll of blinking
 S - a scroll of magic mapping
 W - a scroll of immolation
Potions
 d - 2 potions of might
 g - a potion of ambrosia
 j - 2 potions of berserk rage
 q - a potion of lignification
 z - a potion of agility
 I - 2 potions of resistance
 M - 2 potions of curing
Books
 V - a book of Air

   Spells                             Type                      Level
   a - Shock                          Conjuration/Air              1
   b - Swiftness                      Charms/Air                   2
   c - Static Discharge               Conjuration/Air              3
   d - Airstrike                      Air                          4
   e - Lightning Bolt                 Conjuration/Air              5
Miscellaneous
 J - a crystal ball of energy
Comestibles
 f - 15 bread rations
 h - 7 meat rations
 p - 6 royal jellies
 x - 6 fruits


   Skills:
 + Level 4.2 Fighting
 - Level 12.0 Polearms
 + Level 3.1 Armour
 - Level 9.0 Shields
 + Level 8.6 Evocations


You had 11 spell levels left.
You didn't know any spells.

Dungeon Overview and Level Annotations

Branches:
Dungeon (11/15)            Temple (1/1) D:6            Lair (2/6) D:11
    Orc (0/2) D:9
  Swamp: Lair:2-4    Shoals: Lair:2-4     Snake: Lair:2-4    Spider: Lair:2-4

Altars:
Ashenzari
Cheibriados
Dithmenos
Elyvilon
Fedhas
Gozag
Hepliaklqana
Kikubaaqudgha
Makhleb
Nemelex Xobeh
Okawaru
Qazlal
Ru
Sif Muna
Trog
Uskayaw
Vehumet
Wu Jian
Xom
Yredelemnul
Zin
The Shining One

Shops:
D:4 [   D:6 %   D:8 !

Annotations:
Lair:1 exclusion: oklob plant
Lair:2 Harold


Innate Abilities, Weirdness & Mutations

You have hooves in place of feet.
Armour fits poorly on your strangely shaped body.
You cover ground very quickly.
You have extremely tough skin. (AC +3)
You are partially covered in slimy green scales. (AC +2)
You are frail. (-10% HP)
You are covered in fur. (AC +1)


Message History

You hit Harold. You kick Harold.
Harold is lightly wounded.
You block Harold's attack.
Okay, then.
You hit Harold. Your kick misses Harold.
Harold is lightly wounded.
You hit Harold. You kick Harold.
Harold is lightly wounded.
Harold hits you but does no damage.
You puncture Harold! You kick Harold.
Harold is moderately wounded.
You hit Harold but do no damage. Your kick misses Harold.
Harold is moderately wounded.
Harold casts a spell at you. The bolt of fire hits you!
* * * LOW HITPOINT WARNING * * *
You feel better. Harold hits you but does no damage.
Harold casts a spell at you. The bolt of fire hits you!
You die...

..........................
..........................
#................. .......
#.P##....#........ .......
#....[..#.)......##.......
#.......P.#.P###.#@........
...##.............†........
...##............##........#
................@###........
....P....##......P........#..
...........#.................
.............................
..#..............P#..........
.#........##P...P##..........
.##.......##......#|.......##
..........###....##..........
..........# #....#...........


You could see Harold.

Vanquished Creatures
  The ghost of waterbugbear the Martial Artist, a journeyman MfMo of Wu Jian (D:9)
  2 two-headed ogres (D:8)
  An ugly thing (D:10)
  4 spiny frogs
  3 komodo dragons
  A troll (D:11)
  2 slime creatures (D:10)
  7 hippogriffs
  A spriggan (D:8)
  14 yaks
  A wraith (D:11)
  5 wyverns
  A basilisk (Lair:1)
  A soldier ant (D:11)
  An acid dragon (D:11)
  4 water moccasins
  3 porcupines
  9 orc warriors
  A sky beast (D:8)
  7 ogres
  A necrophage (D:8)
  8 wolves
  7 centaurs
  5 phantoms
  3 crocodiles
  6 big kobolds
  8 bullfrogs
  A gnoll sergeant (D:7)
  3 scorpions
  3 wights (D:11)
  5 howler monkeys
  An electric eel (Lair:1)
  5 crimson imps
  A bullfrog zombie (D:10)
  A quasit (D:9)
  A jelly (D:5)
  2 bullfrog skeletons
  6 hounds
  7 orc priests
  4 iguanas
  8 orc wizards
  6 worker ants
  2 hound skeletons
  20 gnolls
  18 adders
  4 shadow imps
  An adder skeleton (D:7)
  2 adder zombies
  2 worms
  3 dart slugs
  4 leopard geckos
  45 orcs
  11 giant cockroaches
  8 goblins
  6 hobgoblins
  2 jackals (D:1)
  39 kobolds
  4 quokkas
  3 ball pythons
  7 bats
  4 frilled lizards
  A jackal skeleton (D:8)
  3 quokka skeletons
  14 rats
  A spectral orc (D:2)
  2 bushes (D:8)
367 creatures vanquished.

Vanquished Creatures (others)
  An ogre (D:11)
  A fungus (Lair:2)
2 creatures vanquished.

Grand Total: 369 creatures vanquished

Notes
Turn   | Place    | Note
-------+----------+-------------------------------------------
     0 | D:1      | sequroo the Centaur Fighter began the quest for the Orb.
     0 | D:1      | Reached XP level 1. HP: 19/19 MP: 1/1
   133 | D:1      | Reached skill level 2 in Polearms
   183 | D:1      | Reached XP level 2. HP: 26/26 MP: 2/2
   265 | D:1      | You fall through a shaft!
   322 | D:2      | Reached XP level 3. HP: 27/31 MP: 3/3
   400 | D:2      | Reached skill level 3 in Polearms
   400 | D:2      | Reached XP level 4. HP: 35/38 MP: 4/4
  1970 | D:2      | Found a basalt altar of Yredelemnul.
  2040 | D:3      | Reached XP level 5. HP: 37/45 MP: 5/5
  2285 | D:3      | Reached skill level 4 in Polearms
  2464 | D:3      | Reached XP level 6. HP: 51/51 MP: 6/6
  2716 | D:3      | Found a radiant altar of Vehumet.
  3194 | D:4      | Found Zuemah's Antique Armour Boutique.
  3199 | D:4      | Bought a glowing ring mail for 154 gold pieces
  3526 | D:4      | Reached skill level 5 in Polearms
  3848 | D:5      | Entered Level 5 of the Dungeon
  3918 | D:5      | Reached XP level 7. HP: 54/57 MP: 7/7
  3949 | D:5      | Reached skill level 6 in Polearms
  4149 | D:5      | Found a sacrificial altar of Ru.
  4204 | D:5      | Found a shimmering altar of Xom.
  4420 | D:5      | Reached skill level 7 in Polearms
  4420 | D:5      | Reached XP level 8. HP: 44/63 MP: 8/8
  4529 | D:5      | Reached skill level 5 in Shields
  4700 | D:5      | Found a sparkling altar of Nemelex Xobeh.
  4796 | D:5      | Reached skill level 8 in Polearms
  5001 | D:6      | Found Qiur's Food Shop.
  5423 | D:6      | Found a stormy altar of Qazlal.
  5582 | D:6      | Found a staircase to the Ecumenical Temple.
  5588 | Temple   | Entered the Ecumenical Temple
  5605 | Temple   | Became a worshipper of the Wu Jian Council
  5792 | D:6      | Got a dazzling spear
  5793 | D:6      | Identified the +6 spear of Bloody Death {holy, +Rage} (You found it on level 6 of the Dungeon)
  5946 | D:7      | Found a hide-covered altar of Uskayaw.
  6109 | D:7      | Reached skill level 1 in Evocations
  6385 | D:7      | Reached XP level 9. HP: 62/69 MP: 7/10
  6615 | D:7      | Gained mutation: You are frail. (-10% HP) [potion of mutation]
  6615 | D:7      | Gained mutation: You are partially covered in slimy green scales. (AC +2) [potion of mutation]
  6867 | D:8      | Reached skill level 9 in Polearms
  6935 | D:8      | Reached * piety under Wu Jian
  7021 | D:8      | Noticed a two-headed ogre
  7053 | D:8      | Noticed a two-headed ogre
  7067 | D:8      | Killed a two-headed ogre
  7104 | D:8      | Reached skill level 10 in Polearms
  7119 | D:8      | Found an opulent altar of Gozag.
  7174 | D:8      | Found Pucvoudi's Distillery.
  7448 | D:8      | Reached XP level 10. HP: 41/69 MP: 9/13
  7475 | D:8      | Killed a two-headed ogre
  7706 | D:8      | Reached ** piety under Wu Jian
  8094 | D:9      | Noticed waterbugbear's ghost (journeyman MfMo)
  8112 | D:9      | Killed waterbugbear's ghost
  8112 | D:9      | Reached skill level 11 in Polearms
  8112 | D:9      | Reached skill level 5 in Evocations
  8776 | D:9      | Found a staircase to the Orcish Mines.
  9084 | D:10     | Entered Level 10 of the Dungeon
  9087 | D:10     | Noticed a brown ugly thing
  9100 | D:10     | Killed a brown ugly thing
  9113 | D:10     | Gained mutation: You are covered in fur. (AC +1) [mutagenic meat]
 10257 | D:10     | Reached *** piety under Wu Jian
 10257 | D:10     | Reached XP level 11. HP: 73/73 MP: 15/15
 11232 | D:11     | Reached skill level 12 in Polearms
 11385 | D:11     | Found a staircase to the Lair.
 11904 | D:11     | Reached **** piety under Wu Jian
 12871 | Lair:1   | Entered Level 1 of the Lair of Beasts
 13122 | Lair:1   | Noticed an oklob plant
 13918 | Lair:1   | Got a smoking helmet
 13924 | Lair:1   | Identified the +1 helmet "Biant" {rCorr Int+4 Dex+3} (You found it on level 1 of the Lair of Beasts)
 14374 | Lair:2   | Reached XP level 12. HP: 80/80 MP: 18/18
 14430 | Lair:2   | Noticed Harold
 14457 | Lair:2   | HP: 3/81 [Harold/bolt of fire (23)]
 14460 | Lair:2   | Killed from afar by Harold

Vault maps used:
D:1:      dpeg_arrival_subterranean_lakeside_camping
D:2:      yredelemnul_forgotten_temple_becter
D:3:      vehumet_crystals
D:4:      serial_shops, shop, kennysheep_generic_room_9
D:5:      xom_teletrap_fun, nicolae_ru_great_annihilating_truth, first_bread,
          hangedman_decor_points, nemelex_lonely_heart_becter
D:6:      minmay_temple_entry_fiery, serial_shops, shop,
          nicolae_qazlal_eye_of_the_storm
D:7:      kennysheep_mini
D:8:      wad_guarded_room, nicolae_overflow_hidden_temple, serial_shops,
          nicolae_shop_temple_entry_statues_fountains, the_bakery,
          minmay_hedge_maze, minmay_misc_feat_pillars
D:9:      david_orc_4
D:11:     erik_lair_dragon
Temple:   nicolae_temple_elliptical
Lair:1:   serial_bayou_shore_a
Lair:2:   nicolae_swamp_entry_splash_gauntlet, enter_volcano_1, uniq_harold

Skill      XL: |  1  2  3  4  5  6  7  8  9 10 11 12 |
---------------+-------------------------------------+-----
Polearms       | 2 3 4 5 7 8 10 11 12 | 12.0
Shields        | 3 4 5 6 7 9 |  9.0
Evocations     | 1 4 5 8 |  8.6
Fighting       | 4 |  4.2
Armour         | 3 |  3.1

Action                   |  1- 3 |  4- 6 |  7- 9 | 10-12 || total
-------------------------+-------+-------+-------+-------++-------
Melee: Trident           |    76 |   208 |   168 |       ||   452
       Kick              |    11 |    38 |    83 |   279 ||   411
       Spear             |       |       |   242 |   975 ||  1217
Throw: Tomahawk          |       |     2 |       |       ||     2
 Abil: Evoke Berserk Rag |       |       |       |     1 ||     1
  Use: Potion            |       |     5 |     4 |     5 ||    14
       Scroll            |       |     8 |     6 |    14 ||    28
  Eat: Chunk             |       |     7 |    10 |    21 ||    38
Armor: Scale mail        |    16 |       |       |       ||    16
       Ring mail         |       |    68 |   107 |   148 ||   323
       Leather armour    |       |     1 |       |       ||     1
Dodge: Dodged            |    10 |    52 |    71 |   183 ||   316
Block: Shield            |    10 |       |       |       ||    10
       Buckler           |     4 |    35 |    48 |   168 ||   255

Table legend:
 A = Spawn XP
 B = Non-spawn XP
 C = Spawn XP percentage of total XP
 D = Spawn monster count
 E = Non-spawn monster count
 F = Spawn count percentage of total count
 G = Total turns spent on level
                    A         B        C        D         E        F      G
               +---------+---------+-------+---------+---------+-------+---------
         Total |       0 |   24022 |   0.0 |       0 |     365 |   0.0 | 14460
               +---------+---------+-------+---------+---------+-------+---------
           D:1 |       0 |      45 |   0.0 |       0 |      28 |   0.0 |   769
           D:2 |       0 |     143 |   0.0 |       0 |      32 |   0.0 |  1258
           D:3 |       0 |     247 |   0.0 |       0 |      32 |   0.0 |  1139
           D:4 |       0 |      96 |   0.0 |       0 |       5 |   0.0 |   682
           D:5 |       0 |    1613 |   0.0 |       0 |      38 |   0.0 |  1072
           D:6 |       0 |     179 |   0.0 |       0 |       6 |   0.0 |   773
           D:7 |       0 |     787 |   0.0 |       0 |      23 |   0.0 |   951
           D:8 |       0 |    3900 |   0.0 |       0 |      45 |   0.0 |  1256
           D:9 |       0 |    2932 |   0.0 |       0 |      45 |   0.0 |  1277
          D:10 |       0 |    3376 |   0.0 |       0 |      22 |   0.0 |  1729
          D:11 |       0 |    5179 |   0.0 |       0 |      60 |   0.0 |  2112
        Lair:1 |       0 |    1524 |   0.0 |       0 |       8 |   0.0 |   936
        Lair:2 |       0 |    4001 |   0.0 |       0 |      21 |   0.0 |   344
               +---------+---------+-------+---------+---------+-------+---------
